 Dungeon Crawl Stone Soup version 0.31-a0-221-gbddc013574 (webtiles) character file.

Game seed: 4153931319135140954

5366 coffeetime the Magician (level 10, -5/64 HPs)
             Began as a Djinni Fire Elementalist on July 5, 2023.
             Was a Believer of Hepliaklqana.
             Slain by a vampire (7 damage)
             ... on level 9 of the Dungeon.
             The game lasted 00:46:06 (8745 turns).

coffeetime the Magician (Djinni Fire Elementalist)  Turns: 8745, Time: 00:46:07

Health: -5/64      AC:  5    Str:  7    XL:     10   Next: 97%
Gold:   828        EV: 15    Int: 26    God:    Hepliaklqana [**....] SH:  5 Dex: 15

rFire   + + .        s - +7 war axe of the Eternal Void {drain, rCorr}
rCold   x . .        e - +0 buckler
rNeg    . . .        A - +2 robe {Will+}
rPois   ∞            (no helmet)
rElec   .            G - +0 cloak
rCorr   +            (no gloves)
SInv    .            (boots unavailable)
Will    ++...        g - amulet of regeneration
Stlth   +++          n - ring of wizardry
HPRegen 1.10/turn    v - +6 ring of intelligence
MPRegen 0.00/turn

%: wizardry (x1), infuse magic (-6 HP)
@: flying
A: reduced essence, sickness immunity, fire resistance 2, cold vulnerability 1,
float, innate caster, HP casting, extra vitality 1
a: Renounce Religion, Recall Ancestor, Ancestor Identity


You were on level 9 of the Dungeon.
You worshipped Hepliaklqana.
Hepliaklqana was pleased with you.
You visited 2 branches of the dungeon, and saw 10 of its levels.

You collected 870 gold pieces.
You spent 42 gold pieces at shops.

Inventory:

Hand Weapons
 s - the +7 war axe of the Eternal Void (weapon) {drain, rCorr}
   (You took it off an orc on level 4 of the Dungeon)

   rCorr:     It protects you from acid and corrosion.
 x - a +2 halberd of protection
 z - a +1 rapier of draining
 L - the +7 mace "Niuqotyshru" {heavy, *Noise rPois Dex+3}
   (You found it on level 8 of the Dungeon)

   Dex:       It affects your dexterity (+3).
   rPois:     It protects you from poison.
   *Noise:    It may make noises in combat.
Missiles
 f - 10 atropa-tipped darts
 k - a throwing net
 p - 16 poisoned darts
 I - 6 boomerangs
 O - 3 boomerangs of dispersal
Armour
 e - a +0 buckler (worn)
 i - the +0 scale mail of Levity {+Blink Str+2}
   (You found it on level 7 of the Dungeon)

   Str:       It affects your strength (+2).
   +Blink:    It lets you blink.
 w - an orb of wrath
 A - a +2 robe of willpower (worn)
 G - a +0 cloak (worn)
Jewellery
 g - an amulet of regeneration (around neck)
 n - a ring of wizardry (left hand)
 v - a +6 ring of intelligence (right hand)
 E - a ring of willpower
Wands
 b - a wand of paralysis (3)
 j - a wand of polymorph (8)
 H - a wand of digging (6)
 N - a wand of roots (6)
Scrolls
 a - a scroll of brand weapon
 h - a scroll of fog
 l - 3 scrolls of enchant armour
 o - a scroll of vulnerability
 t - a scroll of blinking
 u - 3 scrolls of immolation
 y - a scroll of torment {unknown}
 B - 2 scrolls of enchant weapon {unknown}
 C - 2 scrolls of teleportation
 F - 2 scrolls of poison {unknown}
Potions
 c - a potion of cancellation
 d - 2 potions of heal wounds {unknown}
 m - 4 potions of resistance {unknown}
 q - a potion of enlightenment {unknown}
 r - 5 potions of curing {unknown}
 D - a potion of brilliance {unknown}
 J - a potion of ambrosia {unknown}
 K - a potion of degeneration {unknown}
 M - a potion of attraction {unknown}


   Skills:
 - Level 6.3 Fighting
 - Level 3.4 Polearms
 - Level 0.1 Armour
 * Level 7.5 Dodging
 - Level 5.0 Stealth
 - Level 4.0 Shields
 * Level 7.7 Spellcasting
 * Level 7.7 Conjurations
 * Level 7.7 Hexes
 * Level 7.7 Summonings
 * Level 7.7 Necromancy
 * Level 7.7 Translocations
 * Level 7.7 Transmutations
 * Level 7.7 Fire Magic
 * Level 7.7 Ice Magic
 * Level 7.7 Air Magic
 * Level 7.7 Earth Magic
 * Level 7.7 Poison Magic


You knew the following spells:

 Your Spells              Type           Power      Damage    Failure   Level
a - Foxfire               Conj/Fire      100%       2x1d9     1%          1
b - Scorch                Fire           100%       2d9       1%          2
c - Volatile Blastmotes   Fire/Tloc      100%       2d18      1%          3
d - Inner Flame           Hex/Fire       50%        N/A       1%          3
e - Flame Wave            Conj/Fire      50%        2d12      1%          4
f - Magic Dart            Conj           100%       1d8       1%          1
g - Blink                 Tloc           100%       N/A       1%          2
h - Ozocubu's Armour      Ice            50%        N/A       1%          3
i - Teleport Other        Tloc           50%        N/A       1%          3
Your spell library was empty.

Dungeon Overview and Level Annotations

Branches:
Dungeon (9/15)             Temple (1/1) D:5
   Lair: D:8-11         Orc: D:9-12

Altars:
Ashenzari
Cheibriados
Dithmenos
Elyvilon
Fedhas
Gozag
Hepliaklqana
Makhleb
Nemelex Xobeh
Qazlal
Ru
Trog
Uskayaw
Wu Jian
Xom
Yredelemnul
Zin
The Shining One

Shops:
D:6 ?

Annotations:
D:3 1 runed translucent door, Crazy Yiuf
D:4 Eustachio


Innate Abilities, Weirdness & Mutations

Your life essence is reduced to manifest your ancestor. (-10% HP)
You are immune to sickness and miasma.
You are immune to poison.
Your flesh is very heat resistant. (rF++)
You are vulnerable to cold. (rC-)
You float through the air rather than walking.
You learn spells naturally, not from books.
Your magical power is your life essence.
You have superior vitality. (+4 MHP)


Message History

You conjure some foxfire!
The foxfire hits something but does no damage.
Ingwe closely misses something.
Something hits you! Something bites you.
Casting: Foxfire (safe; 1% risk of failure)
Confirm with . or Enter, or press ? or * to list all spells.
Okay, then.
Your foxfire dissipates!
The foxfire hits something but does no damage. x2
Ingwe barely misses something.
Casting: Foxfire (safe; 1% risk of failure)
Confirm with . or Enter, or press ? or * to list all spells.
You don't know that spell.
Casting: Foxfire (safe; 1% risk of failure)
Confirm with . or Enter, or press ? or * to list all spells.
You can't see any susceptible monsters within range! (Use Z to cast anyway.)
Casting: Foxfire (safe; 1% risk of failure)
Confirm with . or Enter, or press ? or * to list all spells.
Casting: Flame Wave (dangerous; 1% risk of failure)
Press: ? - help, Dir - look around, f - activate A wave of flame ripples out!
The flame wave engulfs something but does no damage. (Press . to intensify the flame waves.)
Something barely misses you. Something bites you but does no damage.
A wave of flame ripples out!
The flame wave engulfs something but does no damage.
Something hits you!
* * * LOW HITPOINT WARNING * * *
Something bites you!
* * * LOW HITPOINT WARNING * * *
Without enough magic to sustain them, the waves of flame dissipate.
Ingwe hits something with a +0 flail!
Something hits you but does no damage. Something bites you but does no damage.
Casting: Flame Wave (dangerous; 1% risk of failure)
Confirm with . or Enter, or press ? or * to list all spells.
You don't have enough health to cast this spell.
Casting: Flame Wave (dangerous; 1% risk of failure)
Confirm with . or Enter, or press ? or * to list all spells.
You don't have enough health to cast this spell.
Something hits you!
You die...

##########################
..............).........>#
##################....####
#..?##.# ###@####.#
###...####.# #....R..##.#
#.##.##.##.# # + ..# .##.#
# #... # # .... # #..... #
#.....


You could see the friendly Ingwe the knight.

Vanquished Creatures
  A two-headed ogre (D:9)
  A hornet (D:8)
  A wyvern (D:7)
  A steam dragon (D:7)
  4 vampire mosquitoes (D:6)
  Duvessa (D:4)
  A black bear (D:6)
  3 ice beasts (D:5)
  An orc warrior (D:9)
  A centaur (D:5)
  2 ogres (D:4)
  2 phantoms
  A kobold brigand (D:5)
  4 bullfrogs
  5 scorpions
  9 wights
  Dowan (D:4)
  3 killer bees (D:9)
  3 howler monkeys
  A hound (D:6)
  3 jellies
  2 orc priests (D:3)
  A sleepcap (D:8)
  Jessica (D:3)
  5 iguanas
  Ijyb (D:5)
  Terence (D:2)
  5 orc wizards
  A hell rat (D:9)
  10 gnolls
  14 adders
  A river rat (D:3)
  4 white imps
  5 ufetubi
  3 worms
  4 dart slugs
  28 orcs
  3 bats
  8 endoplasms
  2 giant cockroaches
  8 hobgoblins
  5 quokkas
  7 ball pythons
  2 frilled lizards
  6 goblins
  9 kobolds
  8 rats
193 creatures vanquished.

Vanquished Creatures (collateral kills)
  A kobold demonologist (D:9)
  An ice beast (D:8)
  A bullfrog (D:8)
  A howler monkey (D:7)
  An orc priest (D:7)
  2 orc wizards (D:7)
  A white imp (D:7)
  9 orcs
  A rat (D:9)
  A foxfire (D:3)
19 creatures vanquished.

Vanquished Creatures (others)
  An ancestor (D:8)
  A knight (D:9)
  785 foxfires
787 creatures vanquished.

Grand Total: 999 creatures vanquished

Notes
Turn   | Place    | Note
-------+----------+-------------------------------------------
     0 | D:1      | coffeetime the Djinni Fire Elementalist began the quest for
                  | the Orb.
     0 | D:1      | coffeetime set off with the following spells memorised:
                  | Foxfire, Scorch, Volatile Blastmotes, Inner Flame, Flame
                  | Wave.
     0 | D:1      | Reached XP level 1. HP: 15/15 MP: 0/0
   175 | D:1      | Reached XP level 2. HP: 21/21 MP: 0/0
   206 | D:1      | Found a faded altar of an unknown god.
   357 | D:1      | Reached XP level 3. HP: 21/25 MP: 0/0
   357 | D:1      | Learned a level 1 spell: Magic Dart
  1236 | D:2      | Noticed Terence
  1245 | D:2      | Killed Terence
  1246 | D:2      | Reached XP level 4. HP: 31/31 MP: 0/0
  1812 | D:2      | Found a shimmering altar of Xom.
  1972 | D:3      | Noticed Jessica
  1982 | D:3      | Killed Jessica
  1983 | D:3      | Reached XP level 5. HP: 35/35 MP: 0/0
  1983 | D:3      | Learned a level 2 spell: Blink
  2491 | D:3      | Reached XP level 6. HP: 23/40 MP: 0/0
  2595 | D:3      | Found a glowing drain.
  2595 | D:3      | You are sucked into a shaft and drop 3 floors!
  2626 | D:5      | Entered Level 5 of the Dungeon
  3033 | D:3      | Reached skill level 5 in Spellcasting
  3033 | D:3      | Reached skill level 5 in Conjurations
  3033 | D:3      | Reached skill level 5 in Hexes
  3033 | D:3      | Reached skill level 5 in Summonings
  3033 | D:3      | Reached skill level 5 in Necromancy
  3033 | D:3      | Reached skill level 5 in Translocations
  3033 | D:3      | Reached skill level 5 in Transmutations
  3033 | D:3      | Reached skill level 5 in Fire Magic
  3033 | D:3      | Reached skill level 5 in Ice Magic
  3033 | D:3      | Reached skill level 5 in Air Magic
  3033 | D:3      | Reached skill level 5 in Earth Magic
  3033 | D:3      | Reached skill level 5 in Poison Magic
  3436 | D:3      | Found a runed translucent door.
  3437 | D:3      | Noticed Crazy Yiuf
  3489 | D:4      | Noticed Dowan
  3490 | D:4      | Noticed Duvessa
  3493 | D:4      | Reached XP level 7. HP: 45/45 MP: 0/0
  3493 | D:4      | Learned a level 3 spell: Ozocubu's Armour
  3586 | D:4      | Reached skill level 1 in Polearms
  3586 | D:4      | Killed Duvessa
  3623 | D:4      | Killed Dowan
  3642 | D:4      | Reached XP level 8. HP: 49/50 MP: 0/0
  3936 | D:4      | Identified the +7 war axe of the Eternal Void {drain,
                  | rCorr}
  4201 | D:4      | Noticed Eustachio
  4445 | D:5      | Found a staircase to the Ecumenical Temple.
  4458 | Temple   | Entered the Ecumenical Temple
  4502 | Temple   | Became a worshipper of Hepliaklqana the Forgotten
  4638 | D:5      | Noticed Ijyb
  4645 | D:5      | Killed Ijyb
  4732 | D:5      | Reached skill level 1 in Shields
  4894 | D:5      | Reached XP level 9. HP: 30/55 MP: 0/0
  4894 | D:5      | Learned a level 3 spell: Teleport Other
  4897 | D:5      | Reached skill level 5 in Stealth
  5401 | D:6      | Reached skill level 1 in Fighting
  6008 | D:6      | Reached XP level 10. HP: 41/69 MP: 0/0
  6100 | D:6      | Found Kamuobaq's Magic Scroll Shop.
  6133 | D:6      | Bought a scroll of teleportation for 42 gold pieces
  6513 | D:7      | Reached skill level 5 in Fighting
  6664 | D:7      | Identified the +0 scale mail of Levity {+Blink Str+2}
  6680 | D:7      | Reached skill level 5 in Dodging
  6884 | D:7      | Reached * piety under Hepliaklqana
  7266 | D:7      | Noticed a boulder beetle
  7427 | D:8      | Noticed a two-headed ogre
  7561 | D:8      | Found the +8 demon trident "Rift" {distort, reach+}
  7812 | D:8      | Identified the +7 mace "Niuqotyshru" {heavy, *Noise rPois
                  | Dex+3}
  8248 | D:8      | Reached ** piety under Hepliaklqana
  8489 | D:9      | Noticed a kobold demonologist
  8493 | D:9      | Noticed an orange demon
  8499 | D:9      | Killed a kobold demonologist
  8508 | D:9      | Remembered your ancestor Ingwe as a knight
  8522 | D:9      | Noticed a two-headed ogre
  8534 | D:9      | Killed a two-headed ogre
  8567 | D:9      | Noticed a death yak
  8579 | D:9      | Noticed a death yak
  8743 | D:9      | HP: 1/64 [something (11)]
  8745 | D:9      | Slain by a vampire

Illustrated notes

Levels and vault maps discovered:
D:1:      amcnicky_arrival_blooded_trapdoor, layout_loops_ring,
          hellmonk_ecumenical_altar_arch_garden
D:2:      layout_basic, basic_altar, uniq_terence
D:3:      layout_basic, portal_sewer_entry_e, uniq_jessica,
          uniq_crazy_yiuf_cottage
D:4:      layout_loops_ring, serial_rivers, chequers_serial_rivers_micro_a,
          chequers_serial_rivers_small_3, chequers_serial_rivers_room_b,
          chequers_serial_rivers_micro_a, chequers_serial_rivers_large_a,
          serial_park_tiny_2, uniq_eustachio, uniq_duvessa
D:5:      minmay_polygon_palace, layout_basic, minmay_temple_entry_glass,
          dreamdust_mushroom_princess, uniq_ijyb
D:6:      layout_loops_ring, serial_shops, shop
D:7:      layout_loops_corners
D:8:      layout_loops_corners, roderic_lattice_a,
          onia_ninara_dug_in_and_dangerous
D:9:      layout_basic, mainiacjoe_overflow_brackets, dpeg_lair_monsters
Temple:   kilobyte_greek_temple

Skill      XL: |  1  2  3  4  5  6  7  8  9 10 |
---------------+-------------------------------+-----
Spellcasting   | 4 5 6 7 |  7.7
Conjurations   | 4 5 6 7 |  7.7
Hexes          | 4 5 6 7 |  7.7
Summonings     | 4 5 6 7 |  7.7
Necromancy     | 4 5 6 7 |  7.7
Translocations | 4 5 6 7 |  7.7
Transmutations | 4 5 6 7 |  7.7
Fire Magic     | 4 5 6 7 |  7.7
Ice Magic      | 4 5 6 7 |  7.7
Air Magic      | 4 5 6 7 |  7.7
Earth Magic    | 4 5 6 7 |  7.7
Poison Magic   | 4 5 6 7 |  7.7
Stealth        | 2 3 4 5 |  5.0
Polearms       | 3 |  3.4
Shields        | 1 4 |  4.0
Fighting       | 4 6 |  6.3
Dodging        | 4 7 |  7.5
Armour         | |  0.1

Action                     |  1- 3 |  4- 6 |  7- 9 | 10-12 || total
---------------------------+-------+-------+-------+-------++-------
  Melee: Dagger            |     1 |       |       |       ||     1
         Trident           |       |     4 |       |       ||     4
         Halberd           |       |    41 |    12 |       ||    53
         War axe           |       |       |    41 |    39 ||    80
   Cast: Foxfire           |    64 |   122 |   169 |   119 ||   474
         Magic Dart        |    10 |     6 |    52 |     3 ||    71
         Blink             |       |     2 |     5 |       ||     7
         Ozocubu's Armour  |       |       |     2 |       ||     2
         Inner Flame       |       |       |     2 |       ||     2
         Flame Wave        |       |       |    11 |     7 ||    18
 Invoke: Ancestor Life: Kn |       |       |       |     1 ||     1
    Use: Scroll            |       |       |       |     8 ||     8
   Stab: Sleeping          |       |       |     3 |     4 ||     7
 Armour: Robe              |     6 |       |    16 |    11 ||    33
         Leather armour    |       |    23 |     6 |       ||    29
  Dodge: Dodged            |    29 |    60 |    50 |    28 ||   167
  Block: Buckler           |       |       |    15 |    10 ||    25

Table legend: (Time is in decaauts)
 A = Elapsed time spent in this place.
 B = Non-inter-level travel time spent in this place.
 C = Inter-level travel time spent in this place.
 D = Time resting spent in this place.
 E = Time spent auto-exploring this place.
 F = Levels seen in this place.
 G = Mean time per level.
                   A        B        C        D        E       F      G
               +--------+--------+--------+--------+--------+-----+--------+
         Total |   8816 |   7560 |   1256 |    400 |   4648 |  10 |  881.6 |
       Dungeon |   8730 |   7553 |   1177 |    400 |   4648 |   9 |  970.0 |
        Temple |     86 |      7 |     79 |      0 |      0 |   1 |   86.0 |
               +--------+--------+--------+--------+--------+-----+--------+

Top non-repeatable levels by time:
     D:3: 1349 daAuts
     D:5: 1312 daAuts
     D:2: 1170 daAuts
     D:8: 1130 daAuts
     D:6: 1022 daAuts
     D:7: 946 daAuts
     D:4: 810 daAuts
     D:1: 786 daAuts
     D:9: 200 daAuts
  Temple: 86 daAuts
